Map: Acid Plant LE

Players

Neeb - Winner!

  • Race: Protoss Protoss
  • Spawn Location: 5:00

Zest

  • Race: Protoss Protoss
  • Spawn Location: 11:00

Event: IEM Season 12 - Katowice

VOD

Have the link to the VOD?

Description

Time

  • Played on: March 2, 2018, 11:41 a.m.
  • Length: 9:37

All games in this series

Show
View Real Time Build Order
Export as new Build Order

Neeb Protoss - Winner!

Build Orders: Oracle Opening 

Get SALT Encoding   

  12  0:00  Probe  
  13  0:12  Probe  
  14  0:18  Pylon  
  14  0:24  Probe  
  15  0:36  Probe (Chrono Boost)  
  15  0:37  Gateway  
  16  0:47  Probe (Chrono Boost), Assimilator  
  17  0:52  Probe (Chrono Boost)  
  17  0:55  Assimilator  
  18  1:03  Probe (Chrono Boost)  
  19  1:08  Gateway  
  19  1:15  Probe (Chrono Boost)  
  20  1:20  Probe (Chrono Boost)  
  21  1:28  Cybernetics Core  
  21  1:29  Probe  
  22  1:37  Pylon  
  22  1:41  Probe  
  23  1:55  Probe  
  24  2:04  Stalker x2  
  24  2:05  Warp Gate  
  24  2:08  Probe  
  29  2:18  Pylon  
  29  2:24  Stargate  
  28  2:34  Stalker  
  30  2:38  Stalker  
  30  2:43  Pylon  
  32  3:04  Oracle (Chrono Boost)  
  35  3:19  Nexus  
  35  3:31  Shield Battery  
  35  3:34  Oracle (Chrono Boost)  
  38  3:44  Probe, Shield Battery  
  39  3:56  Probe  
  40  4:08  Probe  
  41  4:20  Probe  
  41  4:22  Twilight Council  
  42  4:31  Probe  
  42  4:32  Probe  
  44  4:42  Nexus  
  44  4:43  Probe  
  44  4:44  Probe  
  46  4:47  Blink (Chrono Boost)  
  46  4:56  Probe, Sentry  
  46  4:57  Sentry  
  46  4:59  Probe  
  52  5:08  Probe  
  52  5:09  Gateway  
  53  5:14  Shield Battery  
  53  5:18  Gateway  
  53  5:19  Probe  
  53  5:20  Probe  
  55  5:24  Sentry  
  57  5:31  Probe (Chrono Boost)  
  57  5:33  Probe (Chrono Boost)  
  57  5:34  Pylon  
  59  5:41  Assimilator  
  59  5:43  Probe (Chrono Boost)  
  59  5:45  Probe (Chrono Boost)  
  59  5:46  Pylon  
  58  5:51  Probe x2 (Chrono Boost)  
  60  5:57  Stalker x2  
  60  5:58  Probe  
  60  5:59  Probe  
  60  6:00  Probe  
  67  6:10  Probe  
  68  6:11  Probe  
  68  6:16  Gateway  
  70  6:18  Gateway  
  70  6:19  Gateway  
  70  6:22  Gateway  
  70  6:23  Probe  
  70  6:24  Probe  
  71  6:32  Robotics Facility  
  71  6:34  Charge (Chrono Boost)  
  71  6:35  Probe  
  71  6:36  Probe  
  71  6:39  Probe  
  74  6:46  Pylon  
  74  6:50  Zealot x4  
  74  6:51  Probe  
  74  6:52  Probe  
  84  7:00  Forge  
  85  7:04  Probe  
  85  7:05  Pylon  
  85  7:06  Pylon, Templar Archives  
  85  7:08  Probe  
  85  7:12  Probe  
  87  7:18  Stalker x3  
  93  7:23  Zealot  
  93  7:25  Observer (Chrono Boost)  
  99  7:31  Zealot x4  
  99  7:32  Protoss Ground Weapons Level 1 (Chrono Boost)  
  104  7:43  Photon Cannon, Warp Prism (Chrono Boost)  
  106  7:52  Zealot x2  
  106  7:53  Zealot x3  
  114  8:08  Zealot  
  114  8:11  Pylon x2  
  114  8:12  Pylon  
  114  8:17  Photon Cannon  
  114  8:18  Photon Cannon  
  114  8:22  Pylon  
  114  8:25  Pylon  
  114  8:29  Pylon, Immortal (Chrono Boost)  
  114  8:31  Pylon  
  114  8:32  Zealot x5  
  114  8:33  High Templar  
  114  8:34  High Templar  
  132  8:37  Archon  
  132  8:45  Zealot  
  132  8:48  Probe  
  131  8:55  Zealot x3  
  131  8:56  Zealot x2  
  141  9:06  Assimilator  
  141  9:08  Assimilator  
  145  9:12  Zealot, High Templar x2  
  147  9:20  Archon  
  147  9:22  Zealot x5  
Show
View Real Time Build Order
Export as new Build Order

Zest Protoss 

Build Orders: Zealot Archon 

Get SALT Encoding   

  12  0:00  Probe  
  13  0:12  Probe  
  14  0:18  Pylon  
  14  0:24  Probe (Chrono Boost)  
  15  0:36  Probe (Chrono Boost), Gateway  
  16  0:45  Probe (Chrono Boost)  
  16  0:46  Assimilator  
  17  0:51  Probe  
  17  0:54  Assimilator  
  18  1:03  Probe (Chrono Boost)  
  19  1:07  Gateway  
  19  1:13  Probe (Chrono Boost)  
  20  1:18  Probe (Chrono Boost)  
  20  1:23  Cybernetics Core  
  21  1:29  Probe  
  22  1:34  Pylon  
  22  1:41  Probe  
  23  1:53  Probe  
  24  2:00  Adept x2, Warp Gate  
  28  2:12  Pylon  
  28  2:27  Stalker  
  30  2:30  Stalker  
  32  2:45  Nexus  
  34  2:58  Sentry  
  34  3:00  Sentry  
  34  3:05  Robotics Facility  
  36  3:22  Shield Battery  
  36  3:27  Shield Battery  
  36  3:29  Probe (Chrono Boost)  
  37  3:40  Pylon  
  38  3:41  Probe (Chrono Boost)  
  38  3:47  Probe (Chrono Boost)  
  39  3:57  Probe (Chrono Boost)  
  40  4:03  Probe (Chrono Boost)  
  40  4:04  Stalker x2  
  40  4:09  Probe (Chrono Boost)  
  46  4:18  Probe x2 (Chrono Boost), Observer  
  46  4:23  Probe x2 (Chrono Boost)  
  48  4:29  Stalker  
  48  4:30  Stalker  
  48  4:38  Probe (Chrono Boost)  
  48  4:39  Probe (Chrono Boost)  
  48  4:44  Forge  
  49  4:48  Probe (Chrono Boost)  
  49  4:50  Probe (Chrono Boost)  
  51  4:53  Probe (Chrono Boost)  
  51  4:59  Probe (Chrono Boost)  
  52  5:06  Probe (Chrono Boost)  
  53  5:11  Probe (Chrono Boost)  
  53  5:12  Protoss Ground Weapons Level 1  
  54  5:18  Probe (Chrono Boost)  
  54  5:21  Probe (Chrono Boost)  
  56  5:23  Probe (Chrono Boost)  
  56  5:26  Probe (Chrono Boost)  
  54  5:32  Probe  
  55  5:36  Assimilator  
  55  5:37  Probe  
  55  5:39  Pylon  
  55  5:41  Assimilator  
  56  5:44  Probe  
  56  5:49  Probe  
  58  5:56  Probe  
  58  6:02  Probe, Immortal (Chrono Boost), Observer  
  59  6:09  Probe  
  64  6:12  Twilight Council  
  64  6:14  Probe, Pylon  
  65  6:19  Gateway  
  65  6:20  Gateway  
  65  6:35  Immortal  
  65  6:39  Gateway  
  69  6:41  Gateway x2  
  69  6:42  Gateway  
  69  6:47  Nexus  
  69  6:53  Probe  
  69  6:56  Charge  
  69  7:00  Templar Archives  
  69  7:05  Nexus  
  69  7:06  Pylon  
  69  7:08  Protoss Ground Weapons Level 2 (Chrono Boost)  
  69  7:15  Pylon  
  69  7:20  Warp Prism  
  71  7:25  Pylon  
  71  7:36  High Templar  
  71  7:37  Zealot, High Templar x3  
  75  7:38  Zealot  
  75  7:39  Zealot  
  75  7:40  Archon  
  75  7:41  Archon  
  85  7:47  Pylon  
  83  8:10  Observer  
  83  8:11  High Templar  
  83  8:12  Zealot x5, High Templar  
  87  8:13  Zealot  
  87  8:16  Archon  
  97  8:21  Robotics Facility  
  97  8:34  Zealot x6  
  105  8:49  Zealot x2  
  105  8:54  Zealot  
  105  8:55  High Templar  
  105  8:56  High Templar x2  
  105  8:57  High Templar  
  105  8:59  Archon  
  105  9:02  Archon  
  77  9:24  Zealot x4  
  77  9:30  Zealot  
  77  9:31  Zealot x3  

Tags
 
Add a new tag
Caveats
  • Supply blocks, unpowered buildings, or Contaminate may cause inaccurate times.
  • Supply counts are checked every 10 seconds.